 Dungeon Crawl Stone Soup version 0.30.0-15-g856e2d3f33 (webtiles) character file.

Game seed: 7284740932585342629

14 hawla the Firebug (level 2, -3/20 HPs)
             Began as a Meteoran Fire Elementalist on May 19, 2023.
             Killed from afar by an orc wizard (6 damage)
             ... with a magic dart
             ... on level 2 of the Dungeon.
             The game lasted 00:02:07 (139 turns).

hawla the Firebug (Meteoran Fire Elementalist)       Turns: 139, Time: 00:02:08

Health: -3/20      AC:  2    Str:  9    XL:     2   Next: 76%
Magic:  5/7        EV: 12    Int: 16    God:
Gold:   9          SH:  0    Dex: 14    Spells: 4/7 levels left

rFire   . . .        b - staff of air
rCold   . . .        (no shield)
rNeg    . . .        a - +0 robe
rPois   .            (no helmet)
rElec   +            (no cloak)
rCorr   .            (no gloves)
SInv    .            (no boots)
Will    .....        (no amulet)
Stlth   +            (no ring)
HPRegen 0.23/turn    (no ring)
MPRegen 0.10/turn

%: no passive effects
@: glowing
A: sense surroundings 1, otherworldly, glowing, explore regen
a: no special abilities


You were on level 2 of the Dungeon.
You visited 1 branch of the dungeon, and saw 2 of its levels.

You collected 9 gold pieces.

Inventory:

Armour
 a - a +0 robe (worn)
Magical Staves
 b - a staff of air (weapon)


   Skills:
 - Level 2.5 Dodging
 - Level 1.4 Stealth
 - Level 3.1 Spellcasting
 - Level 1.2 Conjurations
 - Level 3.7 Fire Magic
 + Level 1.0 Air Magic
 + Level 1.0 Evocations


You had 4 spell levels left.
You knew the following spells:

 Your Spells              Type           Power      Damage    Failure   Level
a - Foxfire               Conj/Fire      40%        2x1d6     7%          1
b - Scorch                Fire           28%        2d6       6%          2

Your spell library contained the following spells:

 Spells                   Type           Power      Damage    Failure   Level
 Inner Flame              Hex/Fire       8%         N/A       26%         3
 Volatile Blastmotes      Fire/Tloc      16%        2d11      26%         3
 Flame Wave               Conj/Fire      10%        2d6       54%         4


Dungeon Overview and Level Annotations

Branches:
Dungeon (2/15) Zot: 1059

Altars:


Innate Abilities, Weirdness & Mutations

You passively map a small area around you.
You are easily found by Zot.
You glow in the dark.
You regain HP and MP as you explore.


Message History

Confirm with . or Enter, or press ? or * to list all spells.
You conjure some foxfire!
The foxfire hits the orc priest.
The orc priest is heavily wounded.
You barely miss the orc wizard.
The foxfire hits the orc wizard.
The orc wizard is heavily wounded.
The foxfire hits the orc wizard.
The orc wizard is heavily wounded.
The orc wizard hits you with a +0 dagger.
Unknown command.
You aren't carrying any potions.
You aren't carrying any potions.
As you read the scroll labelled MEEMMEXTUKKO, it crumbles to dust.
The creatures around you are filled with an inner flame!
It was a scroll of immolation.
The orc wizard casts a spell at you. You resist with significant effort.
You aren't carrying any potions.
As you read the scroll labelled CYWUFUE VUIDAMA, it crumbles to dust.
You feel aware of your surroundings.
It was a scroll of magic mapping.
The orc wizard hits you but does no damage.
The orc wizard attacks as you move away!
The orc wizard hits you with a +0 dagger.
* * * LOW HITPOINT WARNING * * *
Things that are here:
a +0 short sword; 2 stones The orc priest calls upon Beogh to heal the orc.
The orc's wounds heal themselves!
The orc wizard attacks as you move away!
The orc wizard barely misses you.
The orc wizard attacks as you move away!
The orc wizard hits you with a +0 dagger.
The orc wizard gestures at you while chanting.
The magic dart hits you!
* * * LOW HITPOINT WARNING * * *
The orc priest casts a cantrip, but nothing happens.
A kobold comes into view. It is wielding a +0 dagger.
The kobold shouts!
The orc wizard gestures at you while chanting.
The magic dart hits you.
You die...

*,* #o#.#,.....,*
*,* #...#,,....,*
*,* #o###**#.##**
*,* #.# *.# *,* #o#
*.# **,#######.#
*.#
,,,.......o######.#
**,#######.o.o....#
*,* #######@.# *,*
#..# *,* #..#
*,************#..#
*,**,,,,,,,,,,...#
**,**,*********##.#
**,**,* *.# ,,,**,*
*K# ,,,,,,* *,*


You could see an orc priest (inner flame), an orc wizard (inner flame), an orc
(inner flame) and a kobold.

Vanquished Creatures
  An orc (D:2)
  A bat (D:2)
  2 giant cockroaches (D:1)
  3 goblins
  3 kobolds
  A rat (D:1)
11 creatures vanquished.

Vanquished Creatures (others)
  44 foxfires
44 creatures vanquished.

Grand Total: 55 creatures vanquished

Notes
Turn   | Place    | Note
-------+----------+-------------------------------------------
     0 | D:1      | hawla the Meteoran Fire Elementalist began the quest for
                  | the Orb.
     0 | D:1      | Reached XP level 1. HP: 14/14 MP: 5/5
    55 | D:1      | Reached XP level 2. HP: 13/20 MP: 4/7
    61 | D:1      | Learned a level 2 spell: Scorch
   116 | D:2      | Reached skill level 1 in Air Magic
   116 | D:2      | Reached skill level 1 in Evocations
   136 | D:2      | HP: 1/20 [orc wizard/magic dart (8)]
   139 | D:2      | Killed from afar by an orc wizard

Illustrated notes

Levels and vault maps discovered:
D:1:      wander_arrival_abandoned_jail, layout_rooms,
          dreamdust_ecumenical_altar_hidden_monk_grotto,
          nicolae_nh_oracle_at_delphi
D:2:      layout_loops_ring, minmay_statues_item

Skill      XL: |  1  2 |
---------------+-------+-----
Spellcasting   | 3 |  3.1
Air Magic      | 1 |  1.0
Evocations     | 1 |  1.0
Dodging        | |  2.5
Stealth        | |  1.4
Conjurations   | |  1.2
Fire Magic     | |  3.7

Action                     || total
---------------------------++-------
  Melee: Unarmed           ||     1
         Staff             ||     4
   Cast: Foxfire           ||    24
    Use: Potion            ||     1
         Scroll            ||     2
 Armour: Robe              ||     7
  Dodge: Dodged            ||    23
